 Dungeon Crawl Stone Soup version 0.19-a0-958-gd69d43c (webtiles) character file.

5450 TheGoonsmith the Cleaver (level 10, -4/97 HPs)
             Began as a Deep Dwarf Fighter on July 11, 2016.
             Was an Elder of Makhleb.
             Slain by a rakshasa (illusionary)
             ... wielding a +0 long sword
              (8 damage)
             ... on level 9 of the Dungeon.
             The game lasted 00:21:35 (6429 turns).

TheGoonsmith the Cleaver (Deep Dwarf Fighter)       Turns: 6429, Time: 00:21:35

Health: -4/97      AC: 18    Str: 21    XL:     10   Next: 41%
Magic:  9/9        EV: 10    Int:  9    God:    Makhleb [****..]
Gold:   432        SH:  0    Dex: 14    Spells: 0 memorised, 9 levels left

rFire  . . .     SeeInvis +     A - +3 battleaxe
rCold  . . .     Gourm    .     m - +0 chain mail (curse)
rNeg   . . .     Faith    .     (shield currently unavailable)
rPois  .         Spirit   .     P - +1 helmet {SInv}
rElec  .         Dismiss  .     u - +2 cloak
rCorr  .         Reflect  .     C - +1 pair of gloves
SustAt .         Harm     .     D - +1 pair of boots
MR     +....                    F - amulet of magic regeneration
Stlth  ..........               z - +3 ring of evasion
                                h - ring of flight

@: non-regenerating, somewhat resistant to hostile enchantments, extremely
unstealthy
A: damage resistance, recharge devices, sense surroundings 2, slow regeneration
3
a: Device Recharging, Minor Destruction, Lesser Servant of Makhleb, Major
Destruction, Renounce Religion, Evoke Flight


You were on level 9 of the Dungeon.
You worshipped Makhleb.
Makhleb was greatly pleased with you.
You were not hungry.

You visited 2 branches of the dungeon, and saw 10 of its levels.

You collected 535 gold pieces.
You spent 103 gold pieces at shops.

Inventory:

Hand Weapons
 a - a +0 war axe
 A - a +3 battleaxe (weapon)
Missiles
 o - 309 stones
 p - 16 bolts
 y - 25 sling bullets
 E - 5 tomahawks of returning
 G - 10 javelins (quivered)
 S - 5 tomahawks
Armour
 b - a +0 scale mail
 c - a +0 shield
 m - a cursed +0 chain mail (worn)
 u - a +2 cloak (worn)
 C - a +1 pair of gloves (worn)
 D - a +1 pair of boots (worn)
 O - a +0 helmet
 P - a +1 helmet of see invisible (worn)
Jewellery
 h - a ring of flight (left hand)
 z - a +3 ring of evasion (right hand)
 F - an amulet of magic regeneration (around neck)
 I - a cursed amulet of inaccuracy {unknown}
 K - an uncursed ring of fire {unknown}
Wands
 e - a wand of heal wounds (4/9)
 R - a wand of slowing (37/48)
Scrolls
 g - 4 scrolls of teleportation
 i - 4 scrolls of fear
 n - a scroll of noise
 r - 4 scrolls of identify
 x - 2 scrolls of random uselessness {unknown}
 B - 3 scrolls of remove curse {unknown}
 M - a scroll of enchant weapon {unknown}
Potions
 d - a potion of flight
 q - a potion of degeneration
 s - a potion of cancellation
 H - 2 potions of magic
 J - a potion of cure mutation {unknown}
Books
 t - a book of Death

   Spells                             Type                      Level
   a - Corpse Rot                     Necromancy                   2
   b - Sublimation of Blood           Necromancy                   2
   c - Agony                          Necromancy                   5
   d - Dispel Undead                  Necromancy                   5
   e - Excruciating Wounds            Charms/Necromancy            5
   f - Bolt of Draining               Conjuration/Necromancy       5
 L - a book of Misfortune

   Spells                             Type                      Level
   a - Confusing Touch                Hexes                        1
   b - Confuse                        Hexes                        3
   c - Gell's Gravitas                Hexes/Translocation          3
   d - Petrify                        Transmutation/Earth          4
   e - Metabolic Englaciation         Hexes/Ice                    5
   f - Yara's Violent Unravelling     Hexes/Transmutation          5
 Q - a book of Debilitation

   Spells                             Type                      Level
   a - Corona                         Hexes                        1
   b - Slow                           Hexes                        2
   c - Gell's Gravitas                Hexes/Translocation          3
   d - Inner Flame                    Hexes/Fire                   3
   e - Cause Fear                     Hexes                        4
   f - Leda's Liquefaction            Hexes/Earth                  4
 U - a book of the Dragon

   Spells                             Type                      Level
   a - Flame Tongue                   Conjuration/Fire             1
   b - Cause Fear                     Hexes                        4
   c - Bolt of Fire                   Conjuration/Fire             6
   d - Dragon Form                    Transmutation                7
   e - Dragon's Call                  Summoning                    9
Comestibles
 f - 3 bread rations
 k - 2 meat rations
 l - a beef jerky
 v - a slice of pizza
 w - 5 fruits
 N - 10 royal jellies
 T - 5 chunks of flesh


   Skills:
 - Level 8.3 Fighting
 * Level 13.8 Axes
 - Level 3.2 Armour
 - Level 3.2 Shields


You had 9 spell levels left.
You didn't know any spells.

Dungeon Overview and Level Annotations

Branches:
Dungeon (9/15)             Temple (1/1) D:5            Lair (0/6) D:8
    Orc: D:9-12

Altars:
Cheibriados
Dithmenos
Elyvilon
Fedhas
Kikubaaqudgha
Makhleb
Nemelex Xobeh
Okawaru
Pakellas
Qazlal
Sif Muna
Trog
Uskayaw
Vehumet
Yredelemnul
Zin
The Shining One

Shops:
D:4 =   D:7 %:[

Annotations:
D:3 1 runed door


Innate Abilities, Weirdness & Mutations

You are resistant to damage.
You can recharge devices by infusing magical energy.
You passively map the area around you.
You do not regenerate naturally.


Message History

The rakshasa is severely wounded.
You miss the rakshasa. You closely miss the rakshasa.
The rakshasa hits you but does no damage.
The rakshasa closely misses you.
The rakshasa hits you with a long sword!
* * * LOW HITPOINT WARNING * * *
You closely miss the rakshasa.
The rakshasa is severely wounded.
You slash the rakshasa!
Your chain mail prevents you from hitting the rakshasa.
The rakshasa hits you with a long sword!
* * * LOW HITPOINT WARNING * * *
The rakshasa completely misses you. The rakshasa barely misses you.
Okay, then.
The rakshasa blinks!
Charge which item? (? for menu, Esc to quit)
Your wand of heal wounds (0/9) glows for a moment and now has 4 charges.
The rakshasa hits you but does no damage.
The rakshasa hits you with a long sword!
You die...

* *.....# , , *
, , ##.....# ,,
, ,#.....# ,* *
* , ##.....# ,
,* , ###....R.#
* * , , *
####.......# ..
,, , ,
#.'........#...,
, * *,, ,
#...RR...'.#* ,
#
##...@...####,,
, # ,
,#......###,, ,*
, # * , #.....##
, , ,# , *
##..รท..#,, * ,
, # , ,#...[.##
, * * # ,
##...).# , * , ,
# , ,,
###......# , , ,
# , #......)## *
* , , , # ,*
,........# , #


You could see 3 rakshasas.

Vanquished Creatures
  A hill giant (D:9)
  A two-headed ogre (D:9)
  Sigmund (D:3)
  A yak (D:8)
  3 vampire mosquitoes (D:8)
  A hungry ghost (D:7)
  5 orc warriors
  An ice beast (D:7)
  A phantom (D:9)
  8 ogres
  3 centaurs (D:6)
  A crocodile (D:8)
  The ghost of katja the Charmwright, an amateur HESk (D:3)
  A big kobold (D:9)
  2 giant frogs
  4 scorpions
  4 wights
  5 jellies
  A howler monkey (D:6)
  A crimson imp (D:5)
  A quasit (D:9)
  A centaur zombie (D:6)
  5 hounds
  A giant frog zombie (D:5)
  2 giant frog skeletons
  Crazy Yiuf (D:6)
  7 orc priests
  14 orc wizards
  Jessica (D:3)
  An iguana (D:6)
  Natasha (thrice) (D:2 D:3)
  3 worker ants (D:4)
  12 adders
  2 river rats (D:8)
  7 oozes
  An adder skeleton (D:6)
  2 worms
  2 dart slugs
  7 giant geckos
  40 orcs
  19 bats
  9 giant cockroaches
  9 goblins
  9 hobgoblins
  12 jackals
  4 quokkas
  A ball python (D:7)
  A giant gecko zombie (D:5)
  2 giant newts
  A jackal skeleton (D:3)
  8 kobolds
  16 rats
  5 fungi
  2 plants (D:8)
257 creatures vanquished.

Vanquished Creatures (others)
  2 fungi (D:8)
2 creatures vanquished.

Grand Total: 259 creatures vanquished

Notes
Turn   | Place    | Note
-------+----------+-------------------------------------------
     0 | D:1      | TheGoonsmith the Deep Dwarf Fighter began the quest for the Orb.
     0 | D:1      | Reached XP level 1. HP: 20/20 MP: 1/1
   215 | D:1      | Reached XP level 2. HP: 22/28 MP: 2/2
   417 | D:1      | Reached skill level 3 in Axes
   594 | D:1      | Reached XP level 3. HP: 15/34 MP: 3/3
   897 | D:2      | Noticed Natasha
   907 | D:2      | Killed Natasha
   907 | D:2      | Reached skill level 4 in Axes
   907 | D:2      | Reached XP level 4. HP: 21/42 MP: 4/4
  1566 | D:3      | Noticed Sigmund
  1578 | D:3      | Killed Sigmund
  1578 | D:3      | Reached skill level 5 in Axes
  1578 | D:3      | Reached XP level 5. HP: 40/50 MP: 5/5
  1578 | D:3      | Reached XP level 6. HP: 46/57 MP: 6/6
  1599 | D:3      | Noticed Jessica
  1604 | D:3      | Killed Jessica
  1626 | D:3      | Found a runed door.
  1626 | D:3      | Noticed a human
  1629 | D:3      | Found a basalt altar of Yredelemnul.
  1657 | D:3      | Reached skill level 6 in Axes
  2009 | D:3      | Noticed Natasha
  2016 | D:3      | Killed Natasha
  2084 | D:3      | Noticed katja's ghost (amateur HESk)
  2098 | D:3      | Killed katja's ghost
  2098 | D:3      | Reached skill level 5 in Fighting
  2098 | D:3      | Reached XP level 7. HP: 52/67 MP: 7/7
  2118 | D:3      | Noticed Natasha
  2127 | D:3      | Killed Natasha
  2127 | D:3      | Reached skill level 7 in Axes
  2412 | D:4      | Found Menug's Jewellery Boutique.
  2974 | D:5      | Entered Level 5 of the Dungeon
  3093 | D:5      | Reached skill level 8 in Axes
  3189 | D:5      | Reached XP level 8. HP: 26/76 MP: 8/8
  3233 | D:5      | Found a staircase to the Ecumenical Temple.
  3253 | Temple   | Entered the Ecumenical Temple
  3375 | Temple   | Became a worshipper of Makhleb the Destroyer
  3663 | D:5      | Reached skill level 9 in Axes
  4022 | D:6      | Reached * piety under Makhleb
  4097 | D:6      | Reached skill level 10 in Axes
  4193 | D:6      | Gained mutation: You passively map the area around you. [Deep Dwarf growth]
  4193 | D:6      | Reached XP level 9. HP: 30/85 MP: 9/9
  4479 | D:6      | Found a runed door.
  4585 | D:6      | Noticed Crazy Yiuf
  4588 | D:6      | Killed Crazy Yiuf
  4588 | D:6      | Reached ** piety under Makhleb
  4658 | D:7      | Reached skill level 11 in Axes
  4716 | D:7      | Found Buecitya's Antique Armour Boutique.
  4718 | D:7      | Found Uxzimi's Book Shop.
  4720 | D:7      | Found Poipnunk's Food Boutique.
  4724 | D:7      | Bought a runed helmet for 103 gold pieces
  5309 | D:8      | Reached *** piety under Makhleb
  5338 | D:8      | Reached skill level 12 in Axes
  5592 | D:8      | Reached XP level 10. HP: 47/96 MP: 10/10
  5602 | D:8      | Reached **** piety under Makhleb
  5681 | D:8      | Found a staircase to the Lair.
  5788 | D:8      | Found a blossoming altar of Fedhas.
  5828 | D:8      | Found an iron altar of Okawaru.
  6063 | D:8      | Reached skill level 13 in Axes
  6367 | D:9      | Noticed a hill giant
  6381 | D:9      | Killed a hill giant
  6398 | D:9      | Noticed a rakshasa
  6420 | D:9      | HP: 4/97 [rakshasa/long sword (6)]
  6427 | D:9      | HP: 4/97 [rakshasa/long sword (6)]
  6429 | D:9      | Slain by a rakshasa (illusionary)

Vault maps used:
D:1:      shiori_shiawase
D:2:      uniq_natasha
D:3:      first_bread, st_stairs_11, minmay_gold_behind_fungi,
          dk_yredelemnul_ordeal, uniq_jessica, uniq_sigmund
D:4:      serial_shops, shop
D:5:      hangedman_glass_teeth
D:6:      minmay_tree_intersection, st_stairs_13, uniq_crazy_yiuf_cottage
D:7:      minmay_shop_star
D:8:      kennysheep_little_box, grunt_lair_entry_orc_guard_hut,
          hangedman_decor_lopped, hangedman_little_slice_of_home,
          kennysheep_another_room, roderic_serpentine_path,
          kennysheep_okawaru_gauntlet
D:9:      minmay_quarter_circles
Temple:   roderic_octagonal_lattice_temple

Skill      XL: |  1  2  3  4  5  6  7  8  9 10 |
---------------+-------------------------------+-----
Fighting       | 3 4 5 6 8 |  8.3
Axes           | 3 4 5 6 8 10 12 13 | 13.8
Armour         | |  3.2
Shields        | |  3.2

Action                   |  1- 3 |  4- 6 |  7- 9 | 10-12 || total
-------------------------+-------+-------+-------+-------++-------
Melee: War axe           |   101 |   172 |   244 |       ||   517
       Battleaxe         |       |       |   172 |   119 ||   291
Throw: Javelin           |       |       |     2 |       ||     2
 Abil: Device Recharging |       |       |       |     1 ||     1
Evoke: Wand              |     1 |     2 |     6 |     3 ||    12
  Use: Potion            |       |     2 |     1 |     1 ||     4
       Scroll            |       |       |    15 |       ||    15
  Eat: Chunk             |       |     4 |     9 |     3 ||    16
       Meat ration       |       |       |     1 |       ||     1
Armor: Scale mail        |     8 |       |       |       ||     8
       Chain mail        |    55 |   138 |   265 |    63 ||   521
Dodge: Dodged            |    40 |    68 |   174 |    63 ||   345
